[Event "Titled Tuesday Blitz October 25 Late 2022"]
[White "Belous, Vladimir"]
[Black "Andreikin, Dmitry"]
[WhiteFideId "4174003"]
[BlackFideId "4158814"]
[WhiteElo "2825"]
[BlackElo "3039"]
[Result "0-1"]
[Round "04"]
[TimeControl "180+1"]
[Date "2022.10.26"]
[WhiteClock "0:00:09"]
[BlackClock "0:00:04"]

1. Nf3 Nf6 2. c4 e6 3. g3 b6 4. Bg2 Bb7 5. O-O Be7 6. Nc3 O-O 7. Re1 c5 8. e4 d6 9. d4 cxd4 10. Nxd4 Qc8 11. Be3 Nbd7 12. Rc1 a6 13. h3 Qc7 14. f4 Rac8 15. b3 Qb8 16. Bf2 Rfe8 17. g4 h6 18. g5 hxg5 19. fxg5 Nh7 20. g6 fxg6 21. Nxe6 Bf6 22. Nf4 Ne5 23. Ncd5 Bxd5 24. exd5 Bg5 25. Bg3 b5 26. c5 Qa7 27. b4 dxc5 28. bxc5 Rxc5 29. Qd4 Rxc1 30. Qxa7 Rxe1+ 31. Bxe1 Bxf4 32. Qxa6 Ng5 33. Qxb5 Rc8 34. d6 Rc1 35. d7 Ngf7 36. Kf2 Rd1 37. Bd5 Kh7 38. Bxf7 Nxf7 39. Ba5 Bg5 40. Ke2 Rd6 41. Bc7 Rd2+ 42. Kf3 Bf6 43. a4 Ng5+ 44. Ke3 Rd1 45. d8=Q Bxd8 46. Bxd8 Ne6 47. Bb6 Re1+ 48. Kd2 Ra1 49. a5 Ra2+ 50. Kc1 Nf4 51. a6 Ne2+ 52. Kd1 Nc3+ 53. Ke1 Nxb5 0-1


[Site "https://www.chess.com"]

[Event "Titled Tuesday Blitz October 25 Late 2022"]
[White "Bilan, Danila"]
[Black "Zilleruelo Irizarry, Diego"]
[WhiteFideId "24161918"]
[BlackFideId "3101460"]
[WhiteElo "2203"]
[BlackElo "1998"]
[Result "1/2-1/2"]
[Round "04"]
[TimeControl "180+1"]
[Date "2022.10.26"]
[WhiteClock "0:00:07"]
[BlackClock "0:00:08"]

1. d4 d5 2. Nf3 e6 3. g3 Nf6 4. Bg2 Be7 5. O-O O-O 6. c4 c6 7. Qc2 Nbd7 8. Nbd2 b6 9. e4 dxe4 10. Nxe4 Nxe4 11. Qxe4 Bb7 12. Bf4 Nf6 13. Qc2 c5 14. Rad1 Qc8 15. b3 Rd8 16. dxc5 Qxc5 17. Rxd8+ Rxd8 18. Be3 Qc8 19. Rd1 Be4 20. Rxd8+ Qxd8 21. Qd2 Qxd2 22. Nxd2 Bxg2 23. Kxg2 Ng4 24. h3 Nxe3+ 25. fxe3 Kf8 26. Kf3 Ke8 27. Ke4 Kd7 28. Nf3 Bf6 29. g4 Kd6 30. Ne1 g6 31. Nd3 a5 32. Ne1 Kc5 33. Kd3 Kb4 34. Nc2+ Kc5 35. a3 Be7 36. b4+ axb4 37. axb4+ Kc6 38. Nd4+ Kc7 39. b5 Bc5 40. Nf3 f6 41. Nd2 Be7 42. Ne4 f5 43. Nd2 e5 44. gxf5 gxf5 45. e4 f4 46. Nb3 h5 47. Ke2 Kd7 48. Kf3 Ke6 49. Ke2 Kd7 50. Kd3 Ke6 51. Nd2 Bc5 52. Nf3 Kf6 53. Nh4 Kg5 54. Nf5 f3 55. Ne3 Kf4 56. Nf5 f2 57. Ke2 Kxe4 58. Ng3+ Kd4 59. Nxh5 Kxc4 60. Nf6 Kxb5 61. Ne4 Be7 62. Kxf2 Kc4 63. Ke3 b5 64. Nd2+ Kc3 65. Ne4+ Kc2 66. Nd2 b4 67. Ke2 Bg5 68. Nc4 b3 69. Kf3 Kc3 70. Na3 Bc1 71. Nb5+ Kc4 72. Nd6+ Kd5 73. Nb5 b2 74. Nc3+ Kc4 75. Nb1 Kb3 76. Ke2 Kc2 77. Na3+ Kb3 78. Nb1 Bf4 79. Kd3 Ka2 80. Nc3+ Ka1 81. Kc2 Bg3 82. Nb1 e4 83. Nc3 e3 84. Kd3 Bf2 85. Ke2 b1=Q 86. Nxb1 Kxb1 87. h4 Bxh4 88. Kxe3 1/2-1/2


[Site "https://www.chess.com"]

[Event "Titled Tuesday Blitz October 25 Late 2022"]
[White "Bordi, Kevin"]
[Black "Zakaryan, David"]
[WhiteFideId "621862"]
[BlackFideId "24101923"]
[WhiteElo "2821"]
[BlackElo "2409"]
[Result "1/2-1/2"]
[Round "04"]
[TimeControl "180+1"]
[Date "2022.10.26"]
[WhiteClock "0:00:19"]
[BlackClock "0:00:54"]

1. e4 c6 2. c4 e5 3. Nf3 d6 4. d4 Nd7 5. Nc3 Ngf6 6. h3 Be7 7. Be3 O-O 8. Be2 exd4 9. Qxd4 Re8 10. O-O Bf8 11. Rad1 Qa5 12. Rfe1 Nc5 13. Qd2 Qc7 14. Bxc5 dxc5 15. Qc2 h6 16. e5 Nh7 17. Ne4 Bf5 18. Nf6+ Nxf6 19. Qxf5 Nh7 20. Rd7 Qa5 21. Bd3 Ng5 22. Nxg5 Qxe1+ 23. Bf1 hxg5 24. Qxf7+ Kh8 25. Qh5+ Kg8 26. Qf7+ Kh8 27. g3 Rad8 28. Qh5+ Kg8 29. Qf7+ Kh8 30. Qh5+ Kg8 31. Qf7+ Kh8 1/2-1/2


[Site "https://www.chess.com"]

[Event "Titled Tuesday Blitz October 25 Late 2022"]
[White "Borisova, Ekaterina"]
[Black "Yuan, Qingyu"]
[WhiteFideId "34124184"]
[BlackFideId "8609772"]
[WhiteElo "2134"]
[BlackElo "2359"]
[Result "1-0"]
[Round "04"]
[TimeControl "180+1"]
[Date "2022.10.26"]
[WhiteClock "0:00:24"]
[BlackClock "0:00:19"]

1. d4 d5 2. c4 e6 3. Nc3 Nf6 4. cxd5 exd5 5. Bg5 c6 6. e3 h6 7. Bh4 Be7 8. Bd3 O-O 9. Qc2 Re8 10. Nge2 Nbd7 11. O-O a5 12. Rab1 b5 13. h3 Ba6 14. Bg3 Qb6 15. Rfe1 b4 16. Na4 Bxd3 17. Qxd3 Qb5 18. Qc2 Rac8 19. Rbc1 Ne4 20. Bh2 Bh4 21. g3 Bg5 22. h4 Be7 23. Nf4 Bd6 24. Nd3 Ndf6 25. Kg2 h5 26. f3 Nd2 27. b3 Nxf3 28. Kxf3 Ng4 29. Bg1 Qb7 30. Nac5 Qe7 31. Nf4 g6 32. Qd3 Qf6 33. Kg2 Re7 34. Rf1 Qg7 35. Rf3 Rce8 36. Nh3 Qh6 37. Nf4 Kg7 38. Na4 Rc7 39. Qf1 f6 40. Re1 Rce7 41. Qd3 Bxf4 42. gxf4 Qh8 43. Rc1 Re6 44. Nc5 R6e7 45. Na6 Rc8 46. Qc2 f5 47. Qd3 Qe8 48. Rc2 Qd7 49. Nc5 Qa7 50. Rc1 Rce8 51. Qa6 Qc7 52. Nd3 Nxe3+ 53. Bxe3 Rxe3 54. Ne5 Rxf3 55. Kxf3 Qe7 56. Rxc6 Kh7 57. Rxg6 Rg8 58. Rxg8 Kxg8 59. Qg6+ Kf8 60. Qxf5+ Kg8 61. Qg5+ Qxg5 62. fxg5 a4 63. bxa4 Kg7 64. Ke3 Kh7 65. Kf4 b3 66. axb3 Kg7 67. Kf5 Kf8 68. Ke6 Kg7 69. Kxd5 Kh7 70. Ke4 Kg7 71. Kf5 Kh7 72. Kf6 Kg8 73. Kg6 Kh8 74. Kxh5 Kg8 75. Kg4 Kh7 76. h5 Kg7 77. Kf5 Kf8 78. d5 Ke7 79. b4 Kd6 80. b5 Kc7 81. g6 Kd6 82. h6 Ke7 83. Ng4 Kf8 84. d6 Ke8 85. Ke6 Kd8 86. b6 Ke8 87. a5 Kd8 88. a6 Kc8 89. Ne5 Kb8 90. h7 1-0


[Site "https://www.chess.com"]

[Event "Titled Tuesday Blitz October 25 Late 2022"]
[White "Bortnyk, Olexandr"]
[Black "Hambleton, Aman"]
[WhiteFideId "14120828"]
[BlackFideId "2606577"]
[WhiteElo "3031"]
[BlackElo "2820"]
[Result "1-0"]
[Round "04"]
[TimeControl "180+1"]
[Date "2022.10.26"]
[WhiteClock "0:00:27"]
[BlackClock "0:00:02"]

1. e4 e6 2. d4 d5 3. Nc3 Bb4 4. Qd3 c5 5. a3 Bxc3+ 6. bxc3 dxe4 7. Qxe4 Nf6 8. Qh4 Nc6 9. Nf3 O-O 10. Bd3 Ne7 11. dxc5 Qa5 12. Qb4 Nc6 13. Qxa5 Nxa5 14. Bf4 Nd5 15. Bd6 Re8 16. Kd2 b6 17. Rab1 Nb7 18. c4 Nf6 19. Rhe1 Nxd6 20. cxd6 Rd8 21. Kc3 Rxd6 22. Rbd1 Kf8 23. Ne5 Bb7 24. g4 Rad8 25. f3 h6 26. h4 Nd7 27. f4 Nxe5 28. fxe5 R6d7 29. Re3 Ke7 30. Rg1 Rc7 31. g5 hxg5 32. Rxg5 g6 33. h5 gxh5 34. Rxh5 Bc6 35. Kb2 Be8 36. Rf3 Rc5 37. Bg6 Rd7 38. Rh7 Rxe5 39. Bxf7 Kd8 40. Rh8 Kc7 41. Bxe8 Rd8 42. Rh7+ Kb8 43. Bb5 Rc5 44. Rff7 a5 45. Rb7+ 1-0


[Site "https://www.chess.com"]

[Event "Titled Tuesday Blitz October 25 Late 2022"]
[White "Boyer, Mahel"]
[Black "Varriale, Luca"]
[WhiteFideId "45102422"]
[BlackFideId "882461"]
[WhiteElo "2454"]
[BlackElo "2245"]
[Result "1-0"]
[Round "04"]
[TimeControl "180+1"]
[Date "2022.10.26"]
[WhiteClock "0:00:05"]
[BlackClock "0:00:02"]

1. e4 c5 2. Nf3 g6 3. Bc4 Bg7 4. O-O Nc6 5. Re1 e6 6. c3 Nge7 7. Bb3 O-O 8. d4 cxd4 9. cxd4 d5 10. e5 Qb6 11. Nc3 Nf5 12. Na4 Qd8 13. Bg5 f6 14. exf6 Bxf6 15. h4 h6 16. Be3 Kh7 17. h5 g5 18. Qd3 g4 19. Nh2 Rg8 20. g3 Qe8 21. Nc5 Qxh5 22. Bf4 Nxd4 23. Be5 Bxe5 24. Rxe5 Rg6 25. Rae1 b6 26. Qxd4 Nxd4 27. Rxh5 bxc5 28. Bd1 Rb8 29. b3 c4 30. Nxg4 c3 31. Ne5 c2 32. Bxc2 Nxc2 33. Rc1 Nd4 34. Rd1 Nb5 35. Nxg6 Kxg6 36. Rh4 Nd6 37. f3 Bb7 38. Rg4+ Kf6 39. Rf4+ Kg6 40. Re1 Bc8 41. Ra4 Rb7 42. Ra6 Nf5 43. g4 Nd4 44. Kf2 Rc7 45. Rd6 Rc2+ 46. Ke3 Nc6 47. Kd3 Nb4+ 48. Kd4 Rd2+ 49. Kc3 Rd3+ 50. Kxb4 Rxf3 51. Rc6 Rf4+ 52. Ka3 Bd7 53. Rc7 1-0


[Site "https://www.chess.com"]

[Event "Titled Tuesday Blitz October 25 Late 2022"]
[White "Bruha, Nicholas"]
[Black "Yedidia, Daniel"]
[WhiteFideId "30938988"]
[BlackFideId "30905907"]
[WhiteElo "2197"]
[BlackElo "2549"]
[Result "1-0"]
[Round "04"]
[TimeControl "180+1"]
[Date "2022.10.26"]
[WhiteClock "0:00:39"]
[BlackClock "0:00:14"]

1. d4 Nf6 2. Nf3 b6 3. Bf4 Bb7 4. e3 g6 5. h3 Bg7 6. Bd3 O-O 7. O-O d6 8. Re1 Nbd7 9. e4 e5 10. dxe5 dxe5 11. Bg5 h6 12. Bh4 Qe7 13. Nc3 c6 14. Bc4 Rad8 15. Qe2 Nc5 16. a4 a5 17. Rad1 Ne6 18. Bg3 Nh5 19. Bh2 Nhf4 20. Qe3 g5 21. Qxb6 Rxd1 22. Rxd1 Nd4 23. Nxd4 exd4 24. Ne2 Qxe4 25. Nxf4 c5 26. Bd3 Qe7 27. Nh5 c4 28. Bd6 Qe6 29. Nxg7 Qd5 30. Bf1 Kxg7 31. Bxf8+ Kxf8 32. Qxd4 1-0


[Site "https://www.chess.com"]

[Event "Titled Tuesday Blitz October 25 Late 2022"]
[White "Buchenau, Frank"]
[Black "Jaferian, Koosha"]
[WhiteFideId "4604350"]
[BlackFideId "12507440"]
[WhiteElo "2157"]
[BlackElo "2127"]
[Result "1-0"]
[Round "04"]
[TimeControl "180+1"]
[Date "2022.10.26"]
[WhiteClock "0:00:11"]
[BlackClock "0:00:12"]

1. e4 c6 2. Nf3 d5 3. Nc3 Bg4 4. d4 e6 5. Bd3 dxe4 6. Nxe4 Nf6 7. c3 Be7 8. h3 Bh5 9. O-O Nbd7 10. Bf4 Nxe4 11. Bxe4 Nf6 12. Bc2 O-O 13. Re1 Bd6 14. Be5 Nd5 15. c4 Nb4 16. Be4 Bg6 17. Bxg6 hxg6 18. a3 Na6 19. b4 Nc7 20. Qc2 b5 21. Rac1 Rc8 22. h4 bxc4 23. Qxc4 Nd5 24. g3 a5 25. Bxd6 Qxd6 26. b5 Qxa3 27. Kg2 Nb6 28. Qc5 Qxc5 29. dxc5 Nd5 30. b6 Nb4 31. Red1 Rfd8 32. Ne5 Kf8 33. b7 Rb8 34. Rxd8+ Rxd8 35. b8=Q Rxb8 36. Nd7+ Ke7 37. Nxb8 Kd8 38. Rd1+ Kc7 39. Nd7 a4 40. Ne5 a3 41. Ra1 a2 42. Nxf7 Kb7 43. Ng5 Ka6 44. Nxe6 Kb5 45. Nxg7 Kxc5 46. g4 Kd4 47. h5 gxh5 48. gxh5 Ke5 49. h6 Kf6 50. Kg3 Kg6 51. Nf5 c5 52. Kg4 c4 53. Rh1 Nd3 54. h7 Nxf2+ 55. Kf3 Nxh1 56. h8=Q Kxf5 57. Qxh1 Ke5 58. Qa1+ Kd5 59. Ke2 Kc5 60. Kd2 Kb4 61. Kc2 Ka4 62. Kb2 Kb4 63. Qxa2 c3+ 64. Kc2 Kb5 65. Qb3+ Ka5 66. Qxc3+ Ka4 67. Qb2 Ka5 68. Kc3 Ka6 69. Kc4 Ka7 70. Kc5 Ka8 71. Kc6 Ka7 72. Qb7# 1-0


[Site "https://www.chess.com"]

[Event "Titled Tuesday Blitz October 25 Late 2022"]
[White "Buscar, Michael"]
[Black "Burke, Paul"]
[WhiteFideId "2603616"]
[BlackFideId "2605767"]
[WhiteElo "2010"]
[BlackElo "1847"]
[Result "1-0"]
[Round "04"]
[TimeControl "180+1"]
[Date "2022.10.26"]
[WhiteClock "0:01:44"]
[BlackClock "0:00:19"]

1. Nf3 a6 2. b3 d6 3. Bb2 Nd7 4. c4 Ngf6 5. e3 g6 6. d3 Bg7 7. Be2 O-O 8. h4 h6 9. Nbd2 e5 10. Ne4 Nxe4 11. dxe4 Nf6 12. Nd2 c6 13. h5 Qa5 14. hxg6 fxg6 15. O-O Be6 16. Qc2 Rad8 17. Bc3 Qc7 18. Rad1 Bg4 19. f3 Be6 20. Rf2 Nh5 21. Nf1 Qe7 22. Bd3 Qg5 23. Be1 Ng3 24. Rfd2 Nxf1 25. Bxf1 Qxe3+ 26. Bf2 Qg5 27. Rxd6 Rxd6 28. Rxd6 Bh3 29. Qd2 Qxd2 30. Rxd2 Bc8 31. Rd6 Bf6 32. c5 Kg7 33. Bc4 Rd8 34. Bg3 Rxd6 35. cxd6 Bd7 36. f4 exf4 37. Bxf4 Bd4+ 38. Kf1 g5 39. Bg3 h5 40. e5 h4 41. Bh2 b5 42. e6 1-0


[Site "https://www.chess.com"]

[Event "Titled Tuesday Blitz October 25 Late 2022"]
[White "Camacho Campusano, David Daniel"]
[Black "Bongo Akanga Ndjila, Barthelemy"]
[WhiteFideId "6408885"]
[BlackFideId "10609431"]
[WhiteElo "2181"]
[BlackElo "1768"]
[Result "1-0"]
[Round "04"]
[TimeControl "180+1"]
[Date "2022.10.26"]
[WhiteClock "0:00:44"]
[BlackClock "0:01:44"]

1. e4 c6 2. Nf3 d5 3. Nc3 Bg4 4. h3 Bxf3 5. gxf3 e6 6. d4 Nf6 7. Bg5 Be7 8. h4 Nh5 9. Qd2 h6 10. Be2 hxg5 11. hxg5 Bxg5 12. f4 Bh4 13. O-O-O g6 14. f5 Bg5 15. f4 Bxf4 16. Qxf4 Nxf4 17. Rxh8+ Ke7 18. Rxd8 Nxe2+ 19. Nxe2 Kxd8 20. fxg6 fxg6 21. exd5 exd5 22. Rg1 Nd7 23. Rxg6 Ke7 24. Kd2 Rf8 25. Rg7+ Kd6 26. Ke3 Re8+ 27. Kd3 Rf8 28. Ke3 Re8+ 29. Kd3 Re4 30. b3 Rh4 31. c4 dxc4+ 32. bxc4 Rh3+ 33. Kd2 Rh2 34. Ke3 Rh3+ 35. Rg3 Rh2 36. Rg6+ Ke7 37. Rg7+ Ke6 38. Nf4+ Kf5 39. Rxd7 Rxa2 40. Rxb7 Ra3+ 41. Nd3 a5 42. Rc7 a4 43. Rxc6 Ra1 44. d5 a3 45. Kd4 a2 46. Ra6 Rd1 47. Rxa2 1-0


[Site "https://www.chess.com"]

[Event "Titled Tuesday Blitz October 25 Late 2022"]
[White "Chigaev, Maksim"]
[Black "Lorenzo De La Riva, Lazaro"]
[WhiteFideId "4108116"]
[BlackFideId "2268809"]
[WhiteElo "2537"]
[BlackElo "2325"]
[Result "1-0"]
[Round "04"]
[TimeControl "180+1"]
[Date "2022.10.26"]
[WhiteClock "0:01:38"]
[BlackClock "0:00:53"]

1. Nf3 c5 2. c4 Nc6 3. Nc3 e5 4. e3 f5 5. d4 e4 6. d5 exf3 7. dxc6 dxc6 8. Qxd8+ Kxd8 9. gxf3 Nf6 10. b3 Be6 11. Bb2 Kc7 12. O-O-O Be7 13. Bd3 Rhe8 14. Ne2 g6 15. Nf4 Bf7 16. h4 Nd7 17. h5 g5 18. Bxf5 Bd6 19. Nd3 h6 20. Bxd7 Kxd7 21. Nxc5+ Kc7 22. Ne4 Be5 23. Bxe5+ Rxe5 24. Nf6 Rf5 25. Rd7+ 1-0


[Site "https://www.chess.com"]

[Event "Titled Tuesday Blitz October 25 Late 2022"]
[White "Cortes Orihuela, Javier"]
[Black "Ezat, Mohamed"]
[WhiteFideId "3414329"]
[BlackFideId "10600906"]
[WhiteElo "2080"]
[BlackElo "2386"]
[Result "0-1"]
[Round "04"]
[TimeControl "180+1"]
[Date "2022.10.26"]
[WhiteClock "0:00:06"]
[BlackClock "0:01:10"]

1. d4 Nf6 2. c4 g6 3. Nc3 Bg7 4. e4 d6 5. Nf3 O-O 6. h3 e5 7. d5 Na6 8. Bg5 h6 9. Be3 Nc5 10. Nd2 a5 11. g4 Ne8 12. Qc2 f5 13. gxf5 gxf5 14. Bxc5 dxc5 15. exf5 Nd6 16. Bd3 Nxf5 17. Bxf5 Bxf5 18. Nde4 a4 19. a3 Qh4 20. O-O-O Bh7 21. Rhg1 Rf4 22. Rde1 Raf8 23. Qe2 Rf3 24. Rg4 Qxh3 25. Reg1 R8f7 26. Nxa4 b6 27. Nd2 R3f4 28. Rxf4 Rxf4 29. Nc3 Qf5 30. f3 Qc2# 0-1


[Site "https://www.chess.com"]

[Event "Titled Tuesday Blitz October 25 Late 2022"]
[White "Culum, Sanjin"]
[Black "Liu, Kelsey"]
[WhiteFideId "14420937"]
[BlackFideId "30944481"]
[WhiteElo "2180"]
[BlackElo "2362"]
[Result "1/2-1/2"]
[Round "04"]
[TimeControl "180+1"]
[Date "2022.10.26"]
[WhiteClock "0:00:09"]
[BlackClock "0:00:07"]

1. e4 c5 2. Nf3 e6 3. b3 b6 4. Bb2 Bb7 5. Nc3 Nc6 6. d4 cxd4 7. Nxd4 Nf6 8. Nxc6 Bxc6 9. Bd3 Bb4 10. Qe2 Qc7 11. O-O O-O 12. e5 Nd5 13. Nxd5 Bxd5 14. c4 Bb7 15. Be4 Bxe4 16. Qxe4 d6 17. a3 d5 18. cxd5 Bd2 19. d6 Qc5 20. Kh1 Rac8 21. Rad1 Qc2 22. Qxc2 Rxc2 23. Bc1 Bc3 24. d7 Rd8 25. Bg5 f6 26. exf6 gxf6 27. Bh4 Kf7 28. Rd3 Ke7 29. Rfd1 Be5 30. f3 Rc7 31. g3 Rcxd7 32. Rxd7+ Rxd7 33. Rxd7+ Kxd7 34. Kg2 Bb2 35. a4 Kd6 36. Kf1 Kc5 37. Ke2 Kb4 38. Kd3 Kxb3 39. g4 Kxa4 40. Bf2 Kb3 41. h4 Be5 42. Be3 Bc7 43. f4 a5 44. g5 fxg5 45. fxg5 a4 46. Bd4 e5 47. Ba1 a3 48. h5 Bd6 49. g6 hxg6 50. hxg6 Bf8 51. Bxe5 b5 52. Kd2 b4 53. Kc1 a2 54. g7 Bxg7 55. Bxg7 Ka3 56. Bb2+ Kb3 57. Bf6 Ka3 58. Bb2+ Kb3 59. Bg7 Ka3 60. Bb2+ 1/2-1/2


[Site "https://www.chess.com"]

[Event "Titled Tuesday Blitz October 25 Late 2022"]
[White "Dardha, Daniel"]
[Black "Sarana, Alexey"]
[WhiteFideId "240990"]
[BlackFideId "24133795"]
[WhiteElo "2813"]
[BlackElo "3028"]
[Result "1-0"]
[Round "04"]
[TimeControl "180+1"]
[Date "2022.10.26"]
[WhiteClock "0:00:39"]
[BlackClock "0:00:24"]

1. e4 c5 2. Nf3 d6 3. d4 cxd4 4. Nxd4 Nf6 5. Nc3 a6 6. Bg5 e6 7. f4 Qb6 8. Qd2 Qxb2 9. Rb1 Qa3 10. f5 Nc6 11. fxe6 Bxe6 12. Rxb7 Nd8 13. Nxe6 fxe6 14. Rb3 Qa5 15. Bd3 Be7 16. O-O O-O 17. Kh1 Qc7 18. e5 dxe5 19. Bxf6 gxf6 20. Qh6 f5 21. Nd5 exd5 22. Bxf5 Rxf5 23. Rxf5 Nf7 24. Rg3+ Bg5 25. Rgxg5+ Nxg5 26. Rxg5+ 1-0


[Site "https://www.chess.com"]

[Event "Titled Tuesday Blitz October 25 Late 2022"]
[White "Deac, Bogdan-Daniel"]
[Black "Badmatsyrenov, Oleg"]
[WhiteFideId "1226380"]
[BlackFideId "24115762"]
[WhiteElo "2648"]
[BlackElo "2403"]
[Result "1-0"]
[Round "04"]
[TimeControl "180+1"]
[Date "2022.10.26"]
[WhiteClock "0:00:08"]
[BlackClock "0:00:08"]

1. d4 Nf6 2. c4 c5 3. d5 e6 4. Nc3 exd5 5. cxd5 d6 6. Nf3 g6 7. e4 Bg7 8. h3 a6 9. a4 Nbd7 10. Be3 O-O 11. Be2 Rb8 12. Nd2 Ne8 13. O-O Qe7 14. Qc2 Nc7 15. Rab1 b5 16. b4 cxb4 17. Rxb4 a5 18. Rxb5 Nxb5 19. Bxb5 Nc5 20. Nc4 Bd7 21. Bxc5 dxc5 22. Bxd7 Qxd7 23. Nxa5 Rb4 24. Nb5 Ra8 25. Nc6 Rbxa4 26. e5 Bf8 27. Rd1 Ra1 28. Qd2 R8a2 29. Qe1 Rxd1 30. Qxd1 Ra6 31. Nc3 Qf5 32. g4 Qf4 33. Kg2 h5 34. gxh5 gxh5 35. Ne2 Qg5+ 36. Kf1 Ra3 37. Ng3 Rc3 38. Ne4 Rc1 39. Nxg5 Rxd1+ 40. Ke2 Rxd5 41. f4 c4 42. Ne4 Rd3 43. Nf6+ Kh8 44. Nxh5 Rxh3 45. Nf6 c3 46. Kd1 Bc5 47. Kc2 Bb6 48. Nd5 Bd4 49. Nxd4 Kg7 50. Nxc3 Kg6 51. Nd5 Rg3 52. Kd2 Ra3 53. Ne3 Ra4 54. Kd3 f6 55. e6 f5 56. Nexf5 Kf6 57. e7 Kf7 58. Ke3 Ra1 59. Kf3 Rf1+ 60. Ke3 Re1+ 61. Kf2 Re4 62. Kf3 Re1 63. Nc6 Rf1+ 64. Ke2 Rc1 65. Nd6+ Ke6 66. e8=Q+ Kxd6 67. Qe5+ Kxc6 68. f5 Rc2+ 69. Kd3 Rc5 70. Qe6+ Kc7 71. Kd4 Rc1 72. Qe7+ Kc8 73. f6 Rd1+ 74. Kc5 Rc1+ 75. Kd6 Rd1+ 76. Ke6 Re1+ 77. Kf7 Rf1 78. Qc5+ Kd7 79. Qd5+ 1-0


[Site "https://www.chess.com"]

[Event "Titled Tuesday Blitz October 25 Late 2022"]
[White "Dilmukhametov, Artur"]
[Black "Rasulov, Vugar"]
[WhiteFideId "24179922"]
[BlackFideId "13402390"]
[WhiteElo "2197"]
[BlackElo "2509"]
[Result "1-0"]
[Round "04"]
[TimeControl "180+1"]
[Date "2022.10.26"]
[WhiteClock "0:00:47"]
[BlackClock "0:00:18"]

1. e4 c5 2. Nf3 e6 3. c3 Nf6 4. e5 Nd5 5. d4 cxd4 6. cxd4 d6 7. Bc4 Nc6 8. O-O Be7 9. Qe2 O-O 10. Nc3 Nxc3 11. bxc3 dxe5 12. dxe5 Qa5 13. Qe4 Qa4 14. Rb1 Na5 15. Bd3 Qxe4 16. Bxe4 Nc6 17. Rd1 f5 18. Bxc6 bxc6 19. Nd4 Rd8 20. Be3 Bd7 21. Rb7 Bf8 22. Nxf5 Be8 23. Nd6 Bg6 24. Bxa7 h5 25. h3 Bc2 26. Rd2 Bg6 27. a4 c5 28. a5 c4 29. Bb6 Rdb8 30. a6 Bd3 31. Rxb8 Rxb8 32. a7 Ra8 33. Rb2 Kh7 34. Bc5 Be4 35. Rb8 Be7 36. Nxe4 1-0


[Site "https://www.chess.com"]

[Event "Titled Tuesday Blitz October 25 Late 2022"]
[White "Djordjevic, Dejan N"]
[Black "Girsh, Daniel"]
[WhiteFideId "913316"]
[BlackFideId "30949190"]
[WhiteElo "2262"]
[BlackElo "2075"]
[Result "1-0"]
[Round "04"]
[TimeControl "180+1"]
[Date "2022.10.26"]
[WhiteClock "0:00:14"]
[BlackClock "0:00:23"]

1. e4 c5 2. Nc3 d6 3. g3 Nc6 4. Bg2 g6 5. Nge2 Bg7 6. h3 e5 7. O-O Nge7 8. d3 O-O 9. f4 Nd4 10. Be3 f5 11. Qd2 Rb8 12. Rae1 b5 13. Nd1 Be6 14. b3 b4 15. c4 a5 16. Nb2 Nec6 17. exf5 gxf5 18. Kh2 Kh8 19. Na4 Ne7 20. fxe5 dxe5 21. Nxc5 Bc8 22. Nxd4 exd4 23. Bf4 Rb6 24. Re2 Ng6 25. Bg5 Bf6 26. Bxf6+ Qxf6 27. Ref2 Qe5 28. Ne4 Kg7 29. Ng5 h6 30. Nf3 Qc7 31. Nxd4 f4 32. gxf4 Rbf6 33. Kh1 Nxf4 34. Nb5 Qe5 35. d4 Qg5 36. d5 Kh8 37. Qd4 Kg8 38. d6 Bd7 39. Nc7 R8f7 40. Nd5 Nxd5 41. Bxd5 Rxf2 42. Qxf2 Qxd5+ 43. cxd5 Rxf2 44. Rxf2 Kg7 45. Kh2 Kg6 46. Kg3 Kg5 47. h4+ Kg6 48. Rf8 Kg7 49. Rd8 Bf5 50. Kf4 Bh3 51. Ra8 Kf7 52. Ke5 h5 53. Rxa5 Ke8 54. Ra7 Kd8 55. Rb7 Bd7 56. Rxb4 Ke8 57. Rb8+ Kf7 58. Rb7 Ke8 59. a4 Kd8 60. Rxd7+ Kxd7 61. b4 Kd8 62. Ke6 Kc8 63. d7+ Kd8 64. b5 Kc7 65. Ke7 Kb7 66. d8=Q Ka7 67. Qd7+ Kb6 68. Qc6+ Ka7 69. b6+ Ka6 70. b7+ Ka5 71. d6 Kb4 72. b8=Q+ Ka3 73. Qc3+ Kxa4 74. Qbb4# 1-0


[Site "https://www.chess.com"]

[Event "Titled Tuesday Blitz October 25 Late 2022"]
[White "Djordjevic, Vuk"]
[Black "Lawson, Eric"]
[WhiteFideId "902098"]
[BlackFideId "2604116"]
[WhiteElo "2456"]
[BlackElo "2547"]
[Result "1-0"]
[Round "04"]
[TimeControl "180+1"]
[Date "2022.10.26"]
[WhiteClock "0:00:37"]
[BlackClock "0:01:04"]

1. d4 d5 2. Nf3 Nf6 3. c4 c6 4. Nc3 e6 5. Bg5 dxc4 6. e4 b5 7. e5 h6 8. Bh4 g5 9. Nxg5 hxg5 10. Bxg5 Nbd7 11. exf6 Bb7 12. g3 c5 13. d5 Qb6 14. Bg2 O-O-O 15. O-O b4 16. Na4 Qb5 17. a3 Nb8 18. axb4 cxb4 19. Qd4 Nc6 20. Qg4 Ne5 21. Qd4 Rxd5 22. Qxa7 Nd7 23. Rfd1 Rxg5 24. Rxd7 Kxd7 25. Nb6+ Kd6 26. Qb8+ Kc5 27. Qc7+ Bc6 28. Nd7+ Kd4 29. Rd1# 1-0


[Site "https://www.chess.com"]

[Event "Titled Tuesday Blitz October 25 Late 2022"]
[White "Erenberg, Ariel"]
[Black "Gireman, Ja"]
[WhiteFideId "2811634"]
[BlackFideId "5043794"]
[WhiteElo "2416"]
[BlackElo "2153"]
[Result "1-0"]
[Round "04"]
[TimeControl "180+1"]
[Date "2022.10.26"]
[WhiteClock "0:00:29"]
[BlackClock "0:00:03"]

1. e4 e6 2. d4 d5 3. Nd2 c5 4. exd5 Qxd5 5. Ngf3 Nc6 6. Bc4 Qh5 7. Nb3 Nf6 8. O-O Bd7 9. dxc5 Bxc5 10. Nxc5 Qxc5 11. Bb3 O-O 12. Be3 Qh5 13. c3 e5 14. h3 Rad8 15. Nd2 Bg4 16. Qe1 e4 17. hxg4 Nxg4 18. Bf4 Rfe8 19. Nxe4 Qg6 20. f3 Nge5 21. Qg3 Qf5 22. Rad1 Ng6 23. Rxd8 Rxd8 24. Bg5 Re8 25. Nd6 Qc5+ 26. Kh1 Rf8 27. Re1 h6 28. Nxf7 Rxf7 29. Re8+ Nf8 30. Qf4 Ne5 31. Be7 1-0


[Site "https://www.chess.com"]

[Event "Titled Tuesday Blitz October 25 Late 2022"]
[White "Ernst, Sipke"]
[Black "Howell, David W L"]
[WhiteFideId "1004689"]
[BlackFideId "410608"]
[WhiteElo "2438"]
[BlackElo "2567"]
[Result "0-1"]
[Round "04"]
[TimeControl "180+1"]
[Date "2022.10.26"]
[WhiteClock "0:01:14"]
[BlackClock "0:01:14"]

1. d4 Nf6 2. c4 g6 3. Nc3 d5 4. cxd5 Nxd5 5. e4 Nxc3 6. bxc3 Bg7 7. Nf3 c5 8. Be3 Qa5 9. Qd2 Nc6 10. Rc1 cxd4 11. cxd4 Qxd2+ 12. Kxd2 O-O 13. d5 Rd8 14. Ke1 Na5 15. Bg5 Bd7 16. Bd3 Rdc8 17. Ke2 e6 18. Rxc8+ Rxc8 19. Rc1 Rxc1 20. Bxc1 exd5 21. exd5 b5 22. Be3 a6 23. Bd4 Bg4 24. Ke3 Bxf3 25. gxf3 Nb7 26. f4 Bxd4+ 27. Kxd4 Kf8 28. f5 Ke7 29. fxg6 hxg6 30. f4 Kd6 31. f5 g5 32. f6 Nc5 33. Bg6 0-1


[Site "https://www.chess.com"]

[Event "Titled Tuesday Blitz October 25 Late 2022"]
[White "Ferreira, Vitor Hugo Vieira"]
[Black "Sokolovsky, Yahli"]
[WhiteFideId "2119765"]
[BlackFideId "2820242"]
[WhiteElo "2168"]
[BlackElo "2316"]
[Result "1-0"]
[Round "04"]
[TimeControl "180+1"]
[Date "2022.10.26"]
[WhiteClock "0:00:24"]
[BlackClock "0:00:03"]

1. Nf3 g6 2. g3 Bg7 3. Bg2 e5 4. O-O e4 5. Ne1 Nf6 6. d3 exd3 7. cxd3 O-O 8. Nc3 Nc6 9. e4 d6 10. d4 Bg4 11. f3 Bd7 12. Be3 Qc8 13. Rf2 Bh3 14. Bh1 Nd7 15. Qd2 f5 16. d5 Nce5 17. Bd4 Qd8 18. b3 Qe7 19. Rc1 c5 20. dxc6 bxc6 21. f4 c5 22. Nd5 Qf7 23. fxe5 cxd4 24. e6 Qxe6 25. Nc7 Qe7 26. Nxa8 Rxa8 27. exf5 Rf8 28. fxg6 Rxf2 29. gxh7+ Kxh7 30. Kxf2 Qf6+ 31. Qf4 Bh6 32. Be4+ Kg7 33. Qxf6+ Kxf6 34. Rc6 Ke5 35. Bg2 Be3+ 36. Ke2 Bf5 37. Nf3+ Ke6 38. Rc4 Bg4 39. h3 d5 40. Rc6+ Kf5 41. hxg4+ Kxg4 42. Rg6+ Kf5 43. Nh4+ Ke5 44. Rg7 Nc5 45. Re7+ Kd6 46. Rxe3 dxe3 47. Kxe3 Ke5 48. Nf3+ Kf5 49. Kd4 Nd7 50. Bh3+ 1-0


[Site "https://www.chess.com"]